 Dungeon Crawl Stone Soup version 0.19-a0-1007-g133f65f (webtiles) character file.

93 HAL9000 the Skirmisher (level 4, -6/49 HPs)
             Began as an Ogre Hunter on July 20, 2016.
             Mangled by a gnoll
             ... wielding a +0 spear
              (7 damage)
             ... on level 2 of the Dungeon.
             The game lasted 00:02:08 (1829 turns).

HAL9000 the Skirmisher (Ogre Hunter)                Turns: 1829, Time: 00:02:09

Health: -6/49      AC:  3    Str: 18    XL:     4   Next: 61%
Magic:  4/4        EV: 10    Int: 10    God:
Gold:   81         SH:  0    Dex: 10    Spells: 0 memorised, 3 levels left

rFire  . . .     SeeInvis .     o - +0 mace
rCold  . . .     Gourm    .     b - +0 robe
rNeg   . . .     Faith    .     (no shield)
rPois  .         Spirit   .     (helmet restricted)
rElec  .         Dismiss  .     (no cloak)
rCorr  .         Reflect  .     (gloves unavailable)
SustAt .         Harm     .     (boots unavailable)
MR     .....                    (no amulet)
Stlth  +.........               (no ring)
                                (no ring)

@: not resistant to hostile enchantments, very unstealthy
A: unfitting armour, tough skin 1
a: no special abilities


You were on level 2 of the Dungeon.
You were not hungry.

You visited 1 branch of the dungeon, and saw 2 of its levels.

You collected 81 gold pieces.

Inventory:

Hand Weapons
 o - a +0 mace (weapon)
Missiles
 i - 2 tomahawks (quivered)
Armour
 b - a +0 robe (worn)
Scrolls
 j - a scroll of identify {unknown}
 q - a scroll of teleportation {unknown}
 r - 4 scrolls of enchant armour {unknown}
Potions
 g - a potion of might {unknown}
 h - a potion of flight {unknown}
 k - 3 potions of heal wounds {unknown}
 l - 3 potions of brilliance {unknown}
 n - a potion of degeneration {unknown}
 t - a potion of curing {unknown}
Comestibles
 f - 3 bread rations
 p - 3 meat rations
 u - 3 fruits


   Skills:
 + Level 4.8 Fighting
 * Level 3.6 Maces & Flails
 - Level 4.0 Throwing
 - Level 1.7 Dodging
 - Level 0.7 Stealth


You had 3 spell levels left.
You didn't know any spells.

Dungeon Overview and Level Annotations

Branches:
Dungeon (2/15)

Altars:
Elyvilon
Fedhas
Zin
The Shining One


Innate Abilities, Weirdness & Mutations

You are too large for most types of armour.
You have tough skin. (AC +1)


Message History

* * * LOW HITPOINT WARNING * * *
You barely miss the gnoll. The gnoll misses you.
You hit the gnoll.
The gnoll is heavily wounded.
The gnoll hits you with a spear.
* * * LOW HITPOINT WARNING * * *
Throwing (i - inventory. (,) - cycle):
d - a throwing net (quivered)
Press: ? - help, Shift-Dir - straight line, f - gnoll
Aim: a gnoll, wielding a spear (heavily wounded)
You throw a throwing net.
The throwing net closely misses the gnoll.
The gnoll barely misses you.
You hit the gnoll but do no damage.
The gnoll is heavily wounded.
The gnoll hits you with a spear!
* * * LOW HITPOINT WARNING * * *
You hit the gnoll but do no damage.
The gnoll is heavily wounded.
The gnoll hits you with a spear!
You die...

## ######## ...
#....<.### ....
#......... ....#######
#......... .(........#
##......... ..........#
#.......... ......)...#
#.......... ......)@..#
#.##....... .(....g...#
#.##.......
..........####.#........
...#.........#..........
.#.(.###.#..............
###...#.#.....#........
# #.........##.......
#######................
#
#....##.#.......#......


You could see a gnoll.

Vanquished Creatures
  Ijyb (D:2)
  An adder (D:2)
  2 gnolls (D:2)
  2 dart slugs (D:1)
  A ball python (D:1)
  A giant cockroach (D:2)
  3 goblins (D:1)
  7 hobgoblins
  4 kobolds
  4 bats
  2 giant newts
  7 rats
35 creatures vanquished.

Notes
Turn   | Place    | Note
-------+----------+-------------------------------------------
     0 | D:1      | HAL9000 the Ogre Hunter began the quest for the Orb.
     0 | D:1      | Reached XP level 1. HP: 22/22 MP: 1/1
   243 | D:1      | Reached XP level 2. HP: 29/32 MP: 2/2
   994 | D:1      | Reached skill level 1 in Maces & Flails
  1005 | D:1      | Reached XP level 3. HP: 37/39 MP: 3/3
  1369 | D:2      | Found a white marble altar of Elyvilon.
  1371 | D:2      | Found a glowing silver altar of Zin.
  1582 | D:2      | Found a blossoming altar of Fedhas.
  1584 | D:2      | Found a glowing golden altar of the Shining One.
  1743 | D:2      | Noticed Ijyb
  1753 | D:2      | Killed Ijyb
  1753 | D:2      | Reached XP level 4. HP: 47/49 MP: 4/4
  1828 | D:2      | HP: 1/49 [gnoll/spear (11)]
  1829 | D:2      | Mangled by a gnoll

Vault maps used:
D:1:      minmay_arrival_checkered_box
D:2:      nicolae_overflow_hidden_temple, uniq_iyjb

Skill      XL: |  1  2  3 |
---------------+----------+-----
Fighting       | 3 4 |  4.8
Maces & Flails | 1 3 |  3.6
Throwing       | |  4.0
Dodging        | |  1.7
Stealth        | |  0.7

Action                   |  1- 3 |  4- 6 || total
-------------------------+-------+-------++-------
Melee: Short sword       |    78 |       ||    78
       Mace              |    43 |    12 ||    55
Throw: Large rock        |     9 |     5 ||    14
       Throwing net      |     1 |     2 ||     3
 Stab: Sleeping          |     1 |       ||     1
  Eat: Chunk             |     3 |       ||     3
Armor: Robe              |    40 |     1 ||    41
Dodge: Dodged            |    78 |    20 ||    98
